 Dungeon Crawl Stone Soup version 0.27-a0-1612-gde56a17b89 (webtiles) character file.

Game seed: 5953487637225236518

8744 Sin92 the Cleaver (level 11, -8/85 HPs)
             Began as a Demonspawn Fighter on July 22, 2021.
             Was a High Priest of Okawaru.
             Mangled by Gastronok (28 damage)
             ... on level 9 of the Dungeon.
             The game lasted 00:15:10 (9688 turns).

Sin92 the Cleaver (Demonspawn Fighter)              Turns: 9688, Time: 00:15:10

Health: -8/85      AC: 23    Str: 17    XL:     11   Next: 13%
Magic:  11/11      EV: 13    Int:  9    God:    Okawaru [*****.]
Gold:   604        SH: 11    Dex: 20    Spells: 10/10 levels left

rFire    + . .     SeeInvis .   a - +2 war axe
rCold    . . .     Faith    .   c - +0 kite shield
rNeg     . . .     Spirit   .   p - +3 chain mail
rPois    +         Reflect  .   C - +1 hat
rElec    .         Harm     .   o - +2 cloak {Will+}
rCorr    .         Rampage  .   (no gloves)
Will     ++...                  (no boots)
Stlth    ..........             m - amulet of Vallampu {rF+ Will+ Regen+ Dex+4}
HPRegen  1.24/turn              k - +4 ring of evasion
MPRegen  0.12/turn              w - ring of poison resistance

@: sanguine armoured
A: demonic guardian 1, sanguine armour 1, demonic magic 3
a: Renounce Religion, Heroism, Finesse


You were on level 9 of the Dungeon.
You worshipped Okawaru.
Okawaru was extremely pleased with you.
You visited 2 branches of the dungeon, and saw 10 of its levels.
You also visited: Sewer.

You collected 604 gold pieces.

Inventory:

Hand Weapons
 a - a +2 war axe (weapon)
Missiles
 x - 2 curare-tipped darts (quivered)
 y - 5 atropa-tipped darts
Armour
 b - a +0 scale mail
 c - a +0 kite shield (worn)
 o - a +2 cloak of willpower (worn)
 p - a +3 chain mail (worn)
 z - a +0 plate armour
 C - a +1 hat (worn)
Jewellery
 k - a +4 ring of evasion (left hand)
 m - the amulet of Vallampu (around neck) {rF+ Will+ Regen+ Dex+4}
   (You found it on level 4 of the Dungeon)

   [amulet of regeneration]

   Dex:       It affects your dexterity (+4).
   rF:        It protects you from fire.
   Regen:     It increases your rate of health regeneration.
   Will:      It increases your willpower.
 w - a ring of poison resistance (right hand)
 A - an amulet of guardian spirit
 E - an amulet of regeneration
Wands
 q - a wand of iceblast (5)
 r - a wand of flame (43)
 v - a wand of polymorph (11)
 F - a wand of charming (7)
 I - a wand of mindburst (7)
Scrolls
 e - 5 scrolls of teleportation
 i - a scroll of vulnerability {unknown}
 s - a scroll of fear
 t - 3 scrolls of identify
 B - a scroll of amnesia
 G - a scroll of enchant armour
 H - a scroll of blinking
Potions
 d - a potion of might
 f - 4 potions of attraction
 g - a potion of cancellation {unknown}
 h - 3 potions of heal wounds
 j - 4 potions of curing
 l - a potion of lignification
 n - 3 potions of haste
 u - a potion of berserk rage {unknown}
 D - a potion of flight {unknown}
 J - 2 potions of ambrosia {unknown}


   Skills:
 + Level 7.7 Fighting
 * Level 9.5 Axes
 + Level 7.0 Armour
 + Level 6.3 Dodging
 + Level 7.1 Shields
 + Level 0.3 Invocations


You had 10 spell levels left.
You didn't know any spells.
Your spell library contained the following spells:

 Spells                   Type           Power      Damage    Failure   Level
 Ensorcelled Hibernation  Hex/Ice        0%         N/A       100%        2
 Slow                     Hex            0%         N/A       100%        2
 Static Discharge         Conj/Air       0%         N/A       100%        2
 Conjure Flame            Conj/Fire      0%         6-21      100%        3
 Ignite Poison            Fire/Tmut/Pois 0%         N/A       100%        3
 Portal Projectile        Hex/Tloc       0%         N/A       100%        3
 Spider Form              Tmut/Pois      0%         N/A       100%        3
 Cause Fear               Hex            0%         N/A       100%        4
 Sticky Flame             Conj/Fire      0%         2d3       100%        4
 Lightning Bolt           Conj/Air       0%         1d11      100%        5
 Silence                  Hex/Air        0%         N/A       100%        5
 Invisibility             Hex            0%         N/A       100%        6
 Shadow Creatures         Summ           N/A        N/A       100%        6
 Maxwell's Capacitive Co  Air            0%         ∞         100%        8


Dungeon Overview and Level Annotations

Branches:
Dungeon (9/15)             Temple (1/1) D:7           Sewer (visited)
   Lair: D:8-11         Orc: D:9-12

Altars:
Elyvilon
Gozag
Hepliaklqana
Kikubaaqudgha
Nemelex Xobeh
Okawaru
Qazlal
Ru
Trog
Vehumet
Xom
Yredelemnul
Zin
The Shining One

Shops:
D:2 =   D:5 *

Annotations:
D:9 Gastronok


Innate Abilities, Weirdness & Mutations

A weak demonic guardian rushes to your aid.
When seriously injured, your bleeding wounds create armour. (AC +6)
Spells you cast and wands you use may paralyse nearby enemies.


Message History

You block Gastronok's attack.
You slash Gastronok!
Gastronok is severely wounded.
You hit Gastronok.
Gastronok is severely wounded.
Gastronok bites you but does no damage.
The river rat twitches its whiskers.
Your chain mail prevents you from hitting Gastronok.
Gastronok is severely wounded.
The river rat twitches its whiskers.
You hit Gastronok.
Gastronok is severely wounded.
Gastronok chants a spell, wobbling all the while.
You hit Gastronok.
Gastronok is severely wounded.
The river rat disappears in a puff of smoke!
Gastronok's eyestalks stretch out, then return to normal size.
You slash Gastronok!
Gastronok is almost dead.
You slash Gastronok!
Gastronok is almost dead.
Gastronok bites you!
* * * LOW HITPOINT WARNING * * *
You hit Gastronok but do no damage.
Gastronok is almost dead.
You hit Gastronok.
Gastronok is almost dead.
Gastronok bites you.
The river rat twitches its whiskers.
You hit Gastronok.
Gastronok is almost dead.
Gastronok bites you!
* * * LOW HITPOINT WARNING * * *
You hit Gastronok.
Gastronok is almost dead.
You slash Gastronok!
Gastronok is almost dead.
Your white imp disappears in a puff of smoke!
Gastronok bites you!!
You die...

#.#.....#........................
#.'.....#...######...............
..#.....#...# #..............[
..#.....#...# #...............
..#.....#...# #...............
..#.....#...# #...........###.
..#.....#...# #...........#
..#.....#...######r..........#
..#######....))§@wbr.........#
.............#######.........#
.............# #.........#
.............# #.........####
.............# #............K
.............# #.............
................ ...............
......####+##### ...............
......# ....####.....#


You could see Gastronok (swift), 2 river rats and a bat (summoned).

Vanquished Creatures
  Erica (D:9)
  A two-headed ogre (D:9)
  A cyclops (D:8)
  Joseph (D:7)
  Maurice (D:9)
  Prince Ribbit (D:7)
  Sigmund (D:6)
  A shadow (D:9)
  A wyvern (D:9)
  11 yaks
  5 steam dragons
  2 water moccasins (D:7)
  2 sky beasts
  2 black bears
  2 ice beasts
  3 necrophages
  A centaur (D:7)
  7 kobold brigands
  3 bullfrogs
  A scorpion (D:5)
  A wyvern skeleton (D:6)
  9 killer bees
  An electric eel (D:6)
  3 hounds
  A bullfrog zombie (D:5)
  7 orc priests
  2 centaur zombies
  2 jellies (D:4)
  4 iguanas
  8 orc wizards
  A hound skeleton (D:3)
  Robin (D:4)
  A howler monkey zombie (D:5)
  6 gnolls (D:3)
  4 adders
  A river rat (Sewer)
  2 white imps (D:7)
  An ufetubus (D:5)
  2 adder skeletons (D:3)
  3 dart slugs
  4 worms
  28 orcs
  7 bats
  5 endoplasms
  5 giant cockroaches
  14 goblins
  12 hobgoblins
  6 quokkas
  6 ball pythons
  A ball python skeleton (D:3)
  3 frilled lizards
  42 kobolds
  11 rats
252 creatures vanquished.

Vanquished Creatures (collateral kills)
  A yak (D:9)
  Menkaure (D:4)
  A water moccasin (D:6)
  A hound (D:5)
  A bullfrog skeleton (D:4)
  2 orc priests (D:6)
  A river rat (D:5)
  An orc (D:6)
  2 giant cockroaches (D:5)
  A kobold (D:6)
  A ball python (D:5)
13 creatures vanquished.

Vanquished Creatures (others)
  A kobold (D:8)
  A withered plant (D:3)
2 creatures vanquished.

Grand Total: 267 creatures vanquished

Notes
Turn   | Place    | Note
-------+----------+-------------------------------------------
     0 | D:1      | Sin92 the Demonspawn Fighter began the quest for the Orb.
     0 | D:1      | Reached XP level 1. HP: 18/18 MP: 1/1
   335 | D:1      | Reached skill level 2 in Axes
   447 | D:1      | Gained mutation: Spells you cast may paralyse adjacent
                  | enemies. [demonic ancestry]
   447 | D:1      | Reached XP level 2. HP: 23/24 MP: 2/2
  1091 | D:2      | Found a faded altar of an unknown god.
  1141 | D:2      | Reached XP level 3. HP: 27/29 MP: 3/3
  1429 | D:2      | Found Tobutwutt's Jewellery Emporium.
  1467 | D:2      | Reached skill level 1 in Dodging
  1716 | D:2      | Gained mutation: Spells you cast may paralyse nearby
                  | enemies. [demonic ancestry]
  1716 | D:2      | Reached XP level 4. HP: 28/35 MP: 4/4
  2347 | D:3      | Reached skill level 3 in Axes
  2756 | D:3      | Gained mutation: A weak demonic guardian rushes to your
                  | aid. [demonic ancestry]
  2756 | D:3      | Reached XP level 5. HP: 33/41 MP: 5/5
  3455 | D:4      | Noticed Robin
  3466 | D:4      | Killed Robin
  3927 | D:4      | Noticed Menkaure
  3934 | D:4      | Killed Menkaure
  3935 | D:4      | Reached XP level 6. HP: 34/48 MP: 6/6
  4159 | D:4      | Identified the amulet of Vallampu {rF+ Will+ Regen+ Dex+4}
  4325 | D:4      | Reached skill level 4 in Axes
  4517 | D:5      | Entered Level 5 of the Dungeon
  4546 | D:5      | Reached XP level 7. HP: 54/54 MP: 7/7
  4552 | D:5      | Found a glowing drain.
  4587 | Sewer    | Entered a sewer
  5083 | D:5      | Found a sacrificial altar of Ru.
  5224 | D:5      | Found Cifiab's Neck Hole.
  5331 | D:5      | Reached skill level 5 in Axes
  5787 | D:6      | Reached XP level 8. HP: 61/61 MP: 8/8
  5860 | D:6      | Reached skill level 5 in Fighting
  5933 | D:6      | Noticed Sigmund
  5961 | D:6      | Killed Sigmund
  5962 | D:6      | Reached skill level 6 in Axes
  6331 | D:6      | Reached skill level 5 in Shields
  6380 | D:6      | Found a basalt altar of Yredelemnul.
  6500 | D:7      | Reached skill level 5 in Armour
  6524 | D:7      | Found a staircase to the Ecumenical Temple.
  6531 | D:7      | Got Gaec's Almanac of Malediction
  6599 | D:7      | Gained mutation: When seriously injured, your bleeding
                  | wounds create armour. (AC +6) [demonic ancestry]
  6599 | D:7      | Reached XP level 9. HP: 68/68 MP: 9/9
  6643 | Temple   | Entered the Ecumenical Temple
  6658 | Temple   | Became a worshipper of Warmaster Okawaru
  6676 | D:7      | Noticed Joseph
  6718 | D:7      | Killed Joseph
  7016 | D:7      | Reached * piety under Okawaru
  7017 | D:7      | Reached skill level 7 in Axes
  7087 | D:7      | Noticed Prince Ribbit
  7103 | D:7      | Killed Prince Ribbit
  7228 | D:7      | Identified the +7 hunting sling of Gisogev {vorpal, rF++
                  | rCorr}
  7511 | D:7      | Reached skill level 5 in Dodging
  7794 | D:8      | Reached ** piety under Okawaru
  8000 | D:8      | Gained mutation: Spells you cast and wands you use may
                  | paralyse nearby enemies. [demonic ancestry]
  8000 | D:8      | Reached XP level 10. HP: 68/77 MP: 10/10
  8042 | D:8      | Reached skill level 8 in Axes
  8081 | D:8      | Found a sparkling altar of Nemelex Xobeh.
  8115 | D:8      | Noticed a cyclops
  8128 | D:8      | Killed a cyclops
  8128 | D:8      | Reached *** piety under Okawaru
  9064 | D:9      | Noticed Maurice
  9181 | D:9      | Reached **** piety under Okawaru
  9200 | D:9      | Reached skill level 9 in Axes
  9210 | D:9      | Killed Maurice
  9252 | D:9      | Noticed a two-headed ogre
  9269 | D:9      | Killed a two-headed ogre
  9338 | D:9      | Reached XP level 11. HP: 84/84 MP: 11/11
  9368 | D:9      | Noticed Erica
  9394 | D:9      | Killed Erica
  9439 | D:9      | Reached ***** piety under Okawaru
  9592 | D:9      | Noticed Gastronok
  9688 | D:9      | Mangled by Gastronok

Illustrated notes

Levels and vault maps discovered:
D:1:      tarquinn_simple_flora_water_f, layout_loops_cross,
          amcnicky_mini_corridor_feature
D:2:      layout_basic, serial_shops, shop,
          hellmonk_ecumenical_altar_heavens_door, minmay_tetromino_t2
D:3:      layout_loops_ring, serial_undead, serial_undead_b, serial_undead_a,
          serial_undead_a, serial_undead_c, serial_undead_d, serial_undead_a,
          minmay_misc_feat_more_columns
D:4:      layout_cave_pools, uniq_menkaure, uniq_robin
D:5:      layout_basic, nicolae_ru_sacrificial_ziggurat, portal_sewer_entry_a,
          nrook_loot_triangle, nicolae_shop_sticking_my_neck_out
D:6:      layout_cave_pools, kennysheep_mini, minivault_14, uniq_sigmund
D:7:      layout_basic, minmay_temple_entry_offerings, uniq_joseph,
          uniq_prince_ribbit1
D:8:      cheibrodos_steamvent, layout_layer_cave, mainiacjoe_overflow_24_doors
D:9:      layout_irregular_city, lemuel_round_altar, uniq_gastronok,
          uniq_maurice, uniq_erica
Temple:   eino_narrow_crystal_temple

Skill      XL: |  1  2  3  4  5  6  7  8  9 10 11 |
---------------+----------------------------------+-----
Axes           | 2 3 4 5 6 7 9 |  9.5
Shields        | 3 4 5 6 7 |  7.1
Dodging        | 1 2 3 4 5 6 |  6.3
Armour         | 3 4 5 6 7 |  7.0
Fighting       | 4 5 6 7 |  7.7
Invocations    | |  0.3

Action                   |  1- 3 |  4- 6 |  7- 9 | 10-12 || total
-------------------------+-------+-------+-------+-------++-------
Melee: War axe           |   116 |   143 |   459 |   296 ||  1014
  Use: Scroll            |       |     7 |     8 |     1 ||    16
       Potion            |       |     1 |     4 |       ||     5
 Stab: Distracted        |       |       |     1 |     1 ||     2
Armor: Scale mail        |    63 |    54 |     1 |       ||   118
       Chain mail        |       |       |   274 |   127 ||   401
Dodge: Dodged            |    69 |   119 |   223 |   155 ||   566
Block: Kite shield       |    72 |   107 |   294 |   190 ||   663

Table legend: (Time is in decaauts)
 A = Elapsed time spent in this place.
 B = Non-inter-level travel time spent in this place.
 C = Inter-level travel time spent in this place.
 D = Time resting spent in this place.
 E = Time spent auto-exploring this place.
 F = Levels seen in this place.
 G = Mean time per level.
                   A        B        C        D        E       F      G
               +--------+--------+--------+--------+--------+-----+--------+
         Total |  10156 |   9945 |    211 |    466 |   7139 |  11 |  923.3 |
       Dungeon |   9624 |   9420 |    204 |    466 |   6896 |   9 | 1069.3 |
        Temple |     23 |     16 |      7 |      0 |      0 |   1 |   23.0 |
         Sewer |    507 |    507 |      0 |      0 |    243 |   1 |  507.0 |
               +--------+--------+--------+--------+--------+-----+--------+

Top non-repeatable levels by time:
     D:3: 1681 daAuts
     D:7: 1334 daAuts
     D:8: 1301 daAuts
     D:2: 1169 daAuts
     D:1: 1038 daAuts
     D:5: 909 daAuts
     D:4: 773 daAuts
     D:6: 718 daAuts
     D:9: 697 daAuts
   Sewer: 507 daAuts
  Temple: 23 daAuts
